AoeStats
← vladimirpolaris

Arabia

507399763Analyzed
2v2 RM · 15d ago on Sep 18, 2026· 56m 7s· 4 players
Game mode
Random Map
Map size
Medium (4 player)
Population
200
Speed
Normal
Resources
Standard
Victory
Conquest
Starting age
Dark Age
Ending age
Imperial Age
RankedLock teamsTeams togetherTeam positionsShared explorationLock speedFull tech treeHidden civsTurbo modeCheats
Victory
Defeat
🇩🇪 Ethiopians · Germany
962
+15
🇨🇳 Persians · China
914
+17
🇨🇱 Teutons · Chile
944
-16
🇨🇱 Romans · Chile
934
-16
xSercho
9:09 Loom
11:00 Feudal Age
12:09 Double-Bit Axe
14:55 Fletching
15:05 Padded Archer Armor
18:04 Horse Collar
19:49 Town Watch
23:04 Castle Age
23:42 Crossbowman
24:31 Bodkin Arrow
24:52 Leather Archer Armor
28:07 Ballistics
30:58 Wheelbarrow
30:23 Town Patrol
30:21 Gold Mining
30:44 Bow Saw
35:39 Heavy Plow
38:13 Gold Shaft Mining
44:29 Imperial Age
44:31 Arbalester
45:26 Bracer
45:56 Ring Archer Armor
46:30 Chemistry
45:40 Masonry
46:33 Hand Cart
45:44 Light Cavalry
46:24 Husbandry
47:14 Scale Barding Armor
47:19 Forging
50:03 Hussar
53:19 Two-Man Saw
53:10 Chain Barding Armor
53:25 Iron Casting
1627684093
0:59 Loom
15:09 Feudal Age
16:30 Double-Bit Axe
21:34 Castle Age
21:03 Bloodlines
21:31 Horse Collar
23:13 Bow Saw
44:25 Imperial Age
42:47 Heavy Plow
43:26 Wheelbarrow
42:37 Town Watch
44:53 Scale Barding Armor
44:59 Forging
46:50 Two-Man Saw
47:04 Chemistry
46:15 Masonry
46:57 Chain Barding Armor
47:13 Iron Casting
48:21 Hand Cart
48:06 Town Patrol
49:26 Elite War Elephant
49:45 Pikeman
50:26 Squires
50:54 Halberdier
57:06 Plate Barding Armor
57:31 Blast Furnace
Mosquita Original
5:21 Loom
11:19 Feudal Age
16:12 Castle Age
15:00 Double-Bit Axe
15:55 Horse Collar
25:56 Heavy Plow
26:34 Wheelbarrow
26:29 Fervor
30:27 Imperial Age
35:50 Hand Cart
38:50 Elite Teutonic Knight
40:00 Cavalier
40:54 Bloodlines
41:23 Onager
44:22 Bow Saw
45:08 Town Watch
46:28 Two-Man Saw
46:05 Crop Rotation
45:18 Paladin
48:57 Siege Onager
51:46 Scale Barding Armor
51:53 Forging
54:46 Chain Barding Armor
vladimirpolaris
4:27 Loom
5:54 Loom
10:43 Feudal Age
10:52 Man-at-Arms
13:44 Double-Bit Axe
21:55 Castle Age
20:26 Scale Mail Armor
22:58 Squires
23:41 Long Swordsman
25:40 Forging
27:49 Pikeman
39:03 Iron Casting
46:05 Imperial Age
52:06 Chemistry
51:23 Fortified Wall
Connection lost

Rejoining the realm…

Still unreachable

The connection could not be restored.

Session expired

The server has moved on; the page needs a fresh start.